 Dungeon Crawl Stone Soup version 0.29.1-1-gd02db6906a (webtiles) character file.

Game seed: 8973455595195587438

105 Ashen the Insei (level 4, -1/36 HPs)
             Began as a Demigod Transmuter on Oct 8, 2022.
             Slain by a goblin
             ... wielding a +0 dagger
             ... led by Robin
              (3 damage)
             ... on level 3 of the Dungeon.
             The game lasted 00:06:44 (4012 turns).

Ashen the Insei (Demigod Transmuter)                Turns: 4012, Time: 00:06:44

Health: -1/36      AC:  2    Str: 11    XL:     4   Next: 29%
Magic:  7/10       EV: 12    Int: 19    God:
Gold:   145        SH:  0    Dex: 14    Spells: 1/7 levels left

rFire   . . .      SeeInvis .     - Unarmed
rCold   . . .      Faith    .   (no shield)
rNeg    . . .      Spirit   .   a - +0 robe
rPois   .          Reflect  .   (helmet currently unavailable)
rElec   .          Harm     .   (no cloak)
rCorr   +          Rampage  .   (no gloves)
Will    .....                   (boots currently unavailable)
Stlth   +.........              (no amulet)
HPRegen 0.12/turn               e - ring of resist corrosion
MPRegen 0.12/turn               (no ring)

@: appendages, wereblooded
A: horns 2, talons 2, high MP 1, forlorn, divine attributes
a: End Transformation


You were on level 3 of the Dungeon.
You had temporarily grown beastly horns and talons.
You visited 1 branch of the dungeon, and saw 3 of its levels.

You collected 145 gold pieces.

Inventory:

Armour
 a - a +0 robe (worn)
Jewellery
 e - a ring of resist corrosion (left hand)
Scrolls
 d - a scroll of teleportation {unknown}
 f - 3 scrolls of identify {unknown}
 j - a scroll of vulnerability {unknown}
 k - 3 scrolls of fog {unknown}
 m - a scroll of magic mapping {unknown}
 o - a scroll of fear {unknown}
Potions
 b - 3 potions of lignification
 c - a potion of haste {unknown}
 g - 2 potions of attraction {unknown}
 h - a potion of degeneration {unknown}
 i - a potion of brilliance {unknown}
 l - a potion of resistance {unknown}
 n - a potion of mutation {unknown}


   Skills:
 + Level 1.7 Fighting
 + Level 2.3 Dodging
 + Level 3.2 Unarmed Combat
 + Level 2.3 Spellcasting
 * Level 2.7 Transmutations


You had one spell level left.
You knew the following spells:

 Your Spells              Type           Power      Damage    Failure   Level
a - Beastly Appendage     Tmut           24%        N/A       5%          1
b - Wereblood             Tmut           12%        N/A       8%          2
c - Spider Form           Tmut/Pois      7%         N/A       28%         3

Your spell library contained the following spells:

 Spells                   Type           Power      Damage    Failure   Level
 Sublimation of Blood     Necr           2%         N/A       26%         2
 Ozocubu's Armour         Ice            2%         N/A       45%         3
 Ice Form                 Ice/Tmut       7%         N/A       67%         4
 Ozocubu's Refrigeration  Ice            1%         4d7       100%        7
 Summon Hydra             Summ           1%         N/A       100%        7


Dungeon Overview and Level Annotations

Branches:
Dungeon (3/15)

Shops:
D:1 !

Annotations:
D:3 Robin


Innate Abilities, Weirdness & Mutations

You have temporarily grown beastly horns and talons.
You have an increased reservoir of magic. (+10% MP)
You shall have no god before yourself.
Your divine heritage dramatically boosts your attributes as you level up.


Message History

The goblin barely misses you. Robin throws the goblin at you!
The goblin misses you.
You barely miss the goblin. You claw the goblin.
You kill the goblin!
The jackal bites you but does no damage.
The hobgoblin hits you! The goblin hits you with a +0 club.
The goblin hits you with a +0 dagger. The hobgoblin completely misses you.
The goblin hits you with a +0 club. The goblin hits you but does no damage.
The jackal closely misses you.
Your transformation is almost over.
The hobgoblin attacks as you move away! The hobgoblin hits you.
* * * LOW HITPOINT WARNING * * *
The goblin no longer looks unusually strong.
The goblin barely misses you.
There is an open door here.
The hobgoblin no longer looks unusually strong.
The goblin no longer looks unusually strong.
The jackal bites you.
* * * LOW HITPOINT WARNING * * *
Casting: Beastly Appendage (safe; 5% risk of failure)
Confirm with . or Enter, or press ? or * to list all spells.
Your blood is infused with primal strength.
The jackal bites you.
* * * LOW HITPOINT WARNING * * *
You hit the jackal.
The jackal is severely wounded.
The goblin no longer looks unusually strong. x2
The jackal bites you.
* * * LOW HITPOINT WARNING * * *
Casting: Wereblood (safe; 8% risk of failure)
Confirm with . or Enter, or press ? or * to list all spells.
You extend your transformation's duration.
The jackal barely misses you. The jackal bites you.
* * * LOW HITPOINT WARNING * * *
Robin throws the goblin at you!
You completely miss the goblin. Your kick misses the goblin.
Your headbutt misses the goblin. The jackal bites you.
* * * LOW HITPOINT WARNING * * *
The goblin hits you with a +0 dagger.
You die...

################
##≈≈..#.g.#gg)...#
#≈≈≈..'..@hgg.†..#
##≈≈≈..#...#gg....#
#≈≈#########.g##''#
####≈≈#.......)..#...#
#...).'..........#...#
#.#...'...)......#...#
####.#...'.....)....#...#
.....##≈≈#..........#g.g#
#######≈≈#########.)#...#


You could see Robin, a jackal, 2 hobgoblins and 5 goblins.

Vanquished Creatures
  2 adders (D:2)
  An ufetubus (D:3)
  2 dart slugs (D:2)
  2 orcs (D:3)
  4 endoplasms
  2 giant cockroaches
  9 hobgoblins
  5 jackals
  5 kobolds
  3 quokkas (D:1)
  5 ball pythons
  9 bats
  11 goblins
  7 rats
67 creatures vanquished.

Notes
Turn   | Place    | Note
-------+----------+-------------------------------------------
     0 | D:1      | Ashen the Demigod Transmuter began the quest for the Orb.
     0 | D:1      | Reached XP level 1. HP: 15/15 MP: 5/5
    51 | D:1      | Reached skill level 1 in Fighting
   168 | D:1      | Found Wuna's Distillery.
   243 | D:1      | Reached XP level 2. HP: 19/23 MP: 5/7
   337 | D:1      | Learned a level 2 spell: Wereblood
  1774 | D:2      | Reached XP level 3. HP: 19/28 MP: 5/8
  1775 | D:2      | Reached skill level 3 in Unarmed Combat
  3131 | D:3      | Learned a level 3 spell: Spider Form
  3203 | D:3      | Reached XP level 4. HP: 33/35 MP: 8/10
  3995 | D:3      | Noticed Robin
  4012 | D:3      | Slain by a goblin

Illustrated notes

Levels and vault maps discovered:
D:1:      lemuel_arrival_river_ford, layout_basic, serial_shops, shop
D:2:      layout_basic, basic_altar, dreamdust_ecumenical_altar_statues,
          palyth_stone_intersect
D:3:      kennysheep_goblin_castle, layout_rooms,
          nicolae_dithmenos_the_darkroom, nicolae_ru_awakened_eye,
          mainiacjoe_overflow_two_lobes

Skill      XL: |  1  2  3 |
---------------+----------+-----
Fighting       | 1 |  1.7
Dodging        | 2 |  2.3
Transmutations | 2 |  2.7
Spellcasting   | 2 |  2.3
Unarmed Combat | 3 |  3.2

Action                   |  1- 3 |  4- 6 || total
-------------------------+-------+-------++-------
Melee: Unarmed           |   177 |    38 ||   215
       Kick              |    27 |     5 ||    32
       Headbutt          |    21 |     5 ||    26
       Punch             |     3 |       ||     3
 Cast: Beastly Appendage |    29 |     9 ||    38
       Wereblood         |     2 |     3 ||     5
       Spider Form       |       |     8 ||     8
 Stab: Sleeping          |     3 |       ||     3
Armor: Robe              |    43 |    12 ||    55
Dodge: Dodged            |   142 |    33 ||   175
